 Dungeon Crawl Stone Soup version 0.23-a0-473-gc8aadda88e (webtiles) character file.

18 Hebeqt the Chucker (level 2, -5/24 HPs)
             Began as a Centaur Hunter on Nov 28, 2018.
             Slain by Sigmund
             ... wielding a +0 scythe
              (12 damage)
             ... on level 2 of the Dungeon.
             The game lasted 00:04:12 (1047 turns).

Hebeqt the Chucker (Centaur Hunter)                 Turns: 1047, Time: 00:04:12

Health: -5/24      AC:  4    Str: 14    XL:     2   Next: 51%
Magic:  2/2        EV:  9    Int: 10    God:
Gold:   14         SH:  0    Dex:  9    Spells: 1/1 levels left

rFire    . . .     SeeInvis .   a - +0 short sword
rCold    . . .     Gourm    .   (no shield)
rNeg     . . .     Faith    .   b - +0 leather armour
rPois    .         Spirit   .   (no helmet)
rElec    .         Reflect  .   (no cloak)
rCorr    .         Harm     .   (no gloves)
MR       .....                  (no barding)
Stlth    ..........             (no amulet)
HPRegen  0.08/turn              (no ring)
MPRegen  0.08/turn              (no ring)

@: confused, very quick
A: large, hooves 3, deformed body, speed 2, tough skin 3
a: no special abilities


You were on level 2 of the Dungeon.
You were not hungry.

You visited 1 branch of the dungeon, and saw 2 of its levels.

You collected 14 gold pieces.

Inventory:

Hand Weapons
 a - a +0 short sword (weapon)
 h - a +0 hunting sling
Missiles
 d - a throwing net (quivered)
 e - 34 stones
Armour
 b - a +0 leather armour (worn)
Scrolls
 g - a scroll of enchant weapon {unknown}
Potions
 i - a potion of heal wounds {unknown}
 j - a potion of agility {unknown}
Comestibles
 f - 2 rations


   Skills:
 - Level 2.0 Fighting
 * Level 5.2 Throwing
 - Level 1.3 Dodging
 - Level 0.4 Stealth


You had one spell level left.
You didn't know any spells.
Your spell library was empty.

Dungeon Overview and Level Annotations

Branches:
Dungeon (2/15)

Altars:

Annotations:
D:2 Sigmund


Innate Abilities, Weirdness & Mutations

You have hooves in place of feet.
Armour fits poorly on your strangely shaped body.
You cover ground very quickly.
You have extremely tough skin. (AC +3)


Message History

Throwing (i - inventory. (/) - cycle)
c - a javelin (quivered)
Press: ? - help, Shift-Dir - straight line, f/p - Sigmund
Aim: Sigmund, wielding a +0 scythe and wearing a +0 robe You throw a javelin.
The javelin barely misses Sigmund.
Sigmund gestures wildly while chanting.
Sigmund flickers and vanishes!
Deactivating autopickup; reactivate with Ctrl-A.
Something hits you!
You barely miss something.
You hear some strange, mumbled words.
You are confused.
You're too confused to move!
Something hits you!
* * * LOW HITPOINT WARNING * * *
You bump into the rock wall.
You hear some strange, mumbled words.
You are more confused.
You bump into the rock wall.
Something hits you but does no damage.
You're too confused to move!
Something hits you!
Ouch! That really hurt!
You die...

##### ....# #..#####
#(.{...####
#(.#@#....########
.....#...##.......<#
.....(.####......###.#
####### #.#..#.###.#
#.#.....##.#
#.##.#..##.#
#.##.......#
#.......#### #######.#


There were no monsters in sight!

Vanquished Creatures
  A leopard gecko (D:1)
  A bat (D:1)
  A giant cockroach (D:1)
  2 goblins (D:1)
  2 hobgoblins (D:1)
  3 frilled lizards
  5 kobolds
  2 rats (D:1)
17 creatures vanquished.

Notes
Turn   | Place    | Note
-------+----------+-------------------------------------------
     0 | D:1      | Hebeqt the Centaur Hunter began the quest for the Orb.
     0 | D:1      | Reached XP level 1. HP: 17/17 MP: 1/1
   429 | D:1      | Reached XP level 2. HP: 14/24 MP: 2/2
   589 | D:1      | Reached skill level 5 in Throwing
  1033 | D:2      | Noticed Sigmund
  1047 | D:2      | Slain by Sigmund

Vault maps used:
D:1:      saegor_arrival_simple_e, roderic_lattice_a, feat_on_display
D:2:      lemuel_coloured_pillars_altar, grunt_temple_overflow_cloverleaf,
          uniq_sigmund, uniq_terence, uniq_crazy_yiuf_cottage

Skill      XL: |  1  2 |
---------------+-------+-----
Throwing       | 5 |  5.2
Fighting       | |  2.0
Dodging        | |  1.3
Stealth        | |  0.4

Action                   || total
-------------------------++-------
Melee: Short sword       ||    18
       Kick              ||     3
Throw: Javelin           ||    35
       Throwing net      ||     3
Armor: Leather armour    ||    14
Dodge: Dodged            ||    11

Table legend:
 A = Non-vault XP
 B = Vault XP
 C = Vault XP percentage of total XP
 D = Non-vault monster count
 E = Vault monster count
 F = Vault count percentage of total count
                 A         B        C        D         E       F
            +---------+---------+-------+---------+---------+-------
      Total |      27 |       0 |   0.0 |      17 |       0 |   0.0
            +---------+---------+-------+---------+---------+-------
        D:1 |      24 |       0 |   0.0 |      15 |       0 |   0.0
        D:2 |       3 |       0 |   0.0 |       2 |       0 |   0.0
            +---------+---------+-------+---------+---------+-------
